 Dungeon Crawl Stone Soup version 0.28.0-47-ge53b351184 (webtiles) character file.

Game seed: 10512361282967793727

108 Iusername the Poker (level 4, -2/34 HPs)
             Began as a Merfolk Gladiator on May 5, 2022.
             Killed from afar by an orc wizard (3 damage)
             ... with a puff of flame
             ... on level 3 of the Dungeon.
             The game lasted 00:04:32 (2349 turns).

Iusername the Poker (Merfolk Gladiator)             Turns: 2349, Time: 00:04:32

Health: -2/34      AC: 11    Str: 16      XL:     4   Next: 87%
Magic:  4/4        EV: 11    Int:  5 (7)  God:
Gold:   131        SH:  0    Dex: 12 (15) Spells: 3/3 levels left

rFire   . . .      SeeInvis .   a - +0 trident
rCold   . . .      Faith    .   (no shield)
rNeg    . . .      Spirit   .   k - +0 scale mail
rPois   .          Reflect  .   c - +0 helmet
rElec   .          Harm     .   (no cloak)
rCorr   .          Rampage  .   (no gloves)
Will    .....                   (no boots)
Stlth   ..........              (no amulet)
HPRegen 0.11/turn               h - +4 ring of protection
MPRegen 0.09/turn               (no ring)

@: no status effects
A: (nimble swimmer 2), mertail
a: no special abilities


You were on level 3 of the Dungeon.
You visited 1 branch of the dungeon, and saw 3 of its levels.

You collected 131 gold pieces.

Inventory:

Hand Weapons
 a - a +0 trident (weapon)
Missiles
 d - 3 throwing nets (quivered)
Armour
 b - a +0 leather armour
 c - a +0 helmet (worn)
 k - a +0 scale mail (worn)
Jewellery
 h - a +4 ring of protection (left hand)
Scrolls
 e - 7 scrolls of identify {unknown}
 g - a scroll of blinking {unknown}
 i - a scroll of fear {unknown}
 l - a scroll of enchant armour {unknown}
Potions
 f - a potion of haste {unknown}
 j - a potion of resistance {unknown}
 n - a potion of curing {unknown}


   Skills:
 + Level 2.5 Fighting
 + Level 6.0 Polearms
 + Level 2.1 Throwing
 + Level 0.7 Armour
 + Level 5.2 Dodging
 + Level 1.0 Stealth


You had 3 spell levels left.
You didn't know any spells.
Your spell library was empty.

Dungeon Overview and Level Annotations

Branches:
Dungeon (3/15)

Altars:

Shops:
D:1 *


Innate Abilities, Weirdness & Mutations

((You are very nimble when in or above water. (Stealth+, EV+, Speed+++)))
Your lower body shifts to a powerful aquatic tail in water.


Message History

Your Polearms skill increases to level 6!
Your Stealth skill increases to level 1!
Deactivating autopickup; reactivate with Ctrl-A.
You barely miss something. The orc closely misses you.
Something completely misses you. The orc barely misses you.
You barely miss something. The orc hits you but does no damage.
Something hits you but does no damage. The orc barely misses you.
You hit something but do no damage. The orc completely misses you.
Something hits you but does no damage. The orc misses you.
You barely miss something. The orc closely misses you. Something hits you.
Something burns you. The orc hits you but does no damage.
You miss something. The orc hits you with a +0 hand axe.
The orc hits you but does no damage. Something hits you but does no damage.
You barely miss something. The orc hits you but does no damage.
Something hits you.
* * * LOW HITPOINT WARNING * * *
Something burns you.
* * * LOW HITPOINT WARNING * * *
The orc hits you but does no damage.
You closely miss the orc. The orc barely misses you. Something hits you.
* * * LOW HITPOINT WARNING * * *
Something burns you.
* * * LOW HITPOINT WARNING * * *
The orc barely misses you.
You closely miss the orc. The orc hits you but does no damage.
The orc closely misses you. Something hits you but does no damage.
You puncture something! The orc hits you with a +0 hand axe.
* * * LOW HITPOINT WARNING * * *
Something hits you but does no damage. The orc hits you but does no damage.
You miss something. The orc barely misses you.
Something hits you but does no damage. The orc barely misses you.
You barely miss something. The orc hits you but does no damage.
Something hits you but does no damage. The orc misses you.
You miss something. The orc closely misses you.
Something hits you but does no damage. The orc hits you but does no damage.
You closely miss something. The orc barely misses you.
You hear some strange, mumbled words.
A puff of flame appears from out of thin air!
The puff of flame hits you.
You die...

####.###
######.## #.
#.......#
#.#####.# #.# ###
#.# ... #.#
##.#####.######.#
+...†............
####@o..#######>#
#o{.#.# #o###.#
#. #.# .. ..# ##.
### #. #.


You could see 3 orcs.

Vanquished Creatures
  An orc wizard (D:3)
  3 adders
  A worm (D:2)
  A dart slug (D:1)
  4 bats
  4 endoplasms
  6 giant cockroaches
  4 goblins
  3 hobgoblins
  3 jackals (D:3)
  3 kobolds (D:1)
  2 quokkas
  5 ball pythons
  8 frilled lizards
  2 rats (D:2)
50 creatures vanquished.

Notes
Turn   | Place    | Note
-------+----------+-------------------------------------------
     0 | D:1      | Iusername the Merfolk Gladiator began the quest for the
                  | Orb.
     0 | D:1      | Reached XP level 1. HP: 16/16 MP: 1/1
    40 | D:1      | Found Faismoqe's General Store.
   134 | D:1      | Reached skill level 5 in Polearms
   134 | D:1      | Reached XP level 2. HP: 17/22 MP: 2/2
   671 | D:2      | Reached XP level 3. HP: 27/27 MP: 3/3
  1001 | D:2      | Reached skill level 5 in Dodging
  1419 | D:2      | Reached XP level 4. HP: 26/34 MP: 4/4
  2337 | D:3      | Reached skill level 6 in Polearms
  2337 | D:3      | Reached skill level 1 in Stealth
  2345 | D:3      | HP: 1/34 [orc/+0 hand axe (4)]
  2349 | D:3      | Killed from afar by an orc wizard

Illustrated notes

Levels and vault maps discovered:
D:1:      mrwooster_arrival_arrow, layout_rooms, serial_shops,
          nicolae_shop_stone
D:2:      layout_loops_ring
D:3:      kennysheep_six_static_rooms, layout_loops_corners,
          general_overflow_altar, nicolae_hepliaklqana_hippocampus,
          shapermc_ecumenical_altar_mp_highgroup

Skill      XL: |  1  2  3  4 |
---------------+-------------+-----
Polearms       | 5 6 |  6.0
Dodging        | 5 |  5.2
Stealth        | 1 |  1.0
Fighting       | |  2.5
Throwing       | |  2.1
Armour         | |  0.7

Action                   |  1- 3 |  4- 6 || total
-------------------------+-------+-------++-------
Melee: Trident           |   122 |    79 ||   201
       Punch             |     1 |     1 ||     2
  Use: Potion            |       |     1 ||     1
 Stab: Sleeping          |     2 |       ||     2
Armor: Leather armour    |    32 |       ||    32
       Scale mail        |       |    75 ||    75
Dodge: Dodged            |    88 |    70 ||   158
